[Event "*** Biggest EVER Titled Tuesday"]
[Site "Chess.com"]
[Date "2018.04.17"]
[Round "10"]
[White "GMKrikor"]
[Black "daro94"]
[Result "0-1"]
[WhiteElo "2635"]
[BlackElo "2721"]
[TimeControl "180+2"]
[EndTime "15:22:36 PDT"]
[Termination "daro94 won by resignation"]

1. e4 c5 2. Nf3 d6 3. d4 cxd4 4.
Nxd4 Nf6 5. Nc3 a6 6. Be3 e5 7. Nb3 Be6 8. f3 h5 9. Qd2 Nbd7 10. Be2 Rc8 11. O-O-O Be7 12. Kb1 Nb6 13. h3 h4 14. f4 Nc4 15. Bxc4 Rxc4 16. fxe5 dxe5 17. Qxd8+ Bxd8 18. Nc5 Bc8 19. Rhe1 Ba5 20. Nd3 Bxc3 21. bxc3 Nxe4 22. Bd4 Nxc3+ 23. Bxc3 Rxc3 24. Rxe5+ Be6 25. Nc5 O-O 26. Nxe6 fxe6 27. Rxe6 Rf2 28. Rc1 Rxg2 29. Rb6 Rxh3 30. Rxb7 Rhg3 31. c4 h3 32. c5 Rg1 33.
c6 Rxc1+ 34. Kxc1 h2 35. c7 h1=Q+ 36. Kb2 Qxb7+ 0-1

[Event "*** Biggest EVER Titled Tuesday"]
[Site "Chess.com"]
[Date "2018.04.17"]
[Round "10"]
[White "SabinoBrunello"]
[Black "NTBT_DHS"]
[Result "0-1"]
[WhiteElo "2611"]
[BlackElo "2501"]
[TimeControl "180+2"]
[EndTime "15:22:36 PDT"]
[Termination "NTBT_DHS won by resignation"]

1. c4 Nf6 2. b3 g6 3. Bb2 Bg7 4. Nf3 O-O 5. g3 d6 6. d4 Nc6 7. d5 Nb8 8. Bg2 e5 9. dxe6 fxe6 10. O-O Nc6 11. Nc3 Qe7 12. Qd2 Bd7 13. Rac1 Rad8 14. e4 Ng4 15. h3 Bh6 16. Qd1 Nge5 17. Nxe5 dxe5 18. Rb1 Nd4 19. Ne2 Nf3+ 20. Bxf3 Rxf3 21. Bxe5 Bc6 22. Nd4 Bxe4 23. Qe2 Bxb1 24. Qxf3 c5 25. Bf6 Qd6 26. Bxd8 cxd4 27. Rxb1 Qxd8 28. Rd1 Qd7 29. Qe4 Bg7 30. Kg2 Bf6 31. h4 Kg7 32. Rd3 b6 33.
Kf3 Qd6 34. Ke2 a5 35. Rd2 h5 36. Kf3 e5 37. Qd5 Qb4 38. Ke2 Qc3 39. Qb7+ Kh6 40.
Qxb6 e4 41. Rd1 Qf3+ 42. Ke1 e3 43. fxe3 dxe3 44. Rd3 Qf2+ 0-1

[Event "*** Biggest EVER Titled Tuesday"]
[Site "Chess.com"]
[Date "2018.04.17"]
[Round "10"]
[White "Vamostodorecto"]
[Black "GMMatamoros"]
[Result "0-1"]
[WhiteElo "2380"]
[BlackElo "2510"]
[TimeControl "180+2"]
[EndTime "15:22:39 PDT"]
[Termination "GMMatamoros won by resignation"]

1. d4 Nf6 2. c4 g6 3. Nc3 Bg7 4.
e4 O-O 5. Be2 d6 6. Nf3 e5 7. O-O Nc6 8. d5 Ne7 9. Ne1 Nd7 10. Be3 f5 11. f3 f4 12. Bf2 g5 13.
Rc1 a6 14. b4 Rf6 15. c5 Rh6 16.
cxd6 cxd6 17. Nd3 Qe8 18. Be1 Nf6 19. Nf2 Bd7 20. a4 Rg6 21. b5 h5 22. bxa6 bxa6 23.
g4 fxg3 24. hxg3 g4 25. fxg4 Bh6 26. Bd2 Qf8 27. Kg2 Qg7 28. Bxh6 Qxh6 29. Rh1 Rf8 30.
Rb1 Qe3 31. Qd3 Nfxd5 32. Qxe3 Nxe3+ 33. Kg1 Nxg4 34. Bxg4 Bxg4 35. Rb7 Bc8 36. Rxe7 Rxg3+ 37. Kh2 Rxc3 38. Rg1+ Kh8 39. Rg2 Rcf3 40. Nh1 Rh3+ 41. Kg1 Bg4 42. Nf2 Rh4 43. Ra7 Rc8 44. Nxg4 Rc1+ 45. Kf2 Rc2+ 46. Kg3 Rxg4+ 47. Kf3 Rcxg2 0-1

[Event "*** Biggest EVER Titled Tuesday"]
[Site "Chess.com"]
[Date "2018.04.17"]
[Round "10"]
[White "Orest_Vovk"]
[Black "ABDELAZEEZ-M"]
[Result "1-0"]
[WhiteElo "2266"]
[BlackElo "2295"]
[TimeControl "180+2"]
[EndTime "15:22:43 PDT"]
[Termination "Orest_Vovk won by resignation"]

1. h4 d5 2. h5 e5 3. h6 Nxh6 4. d4 Nf5 5. dxe5 Nc6 6. e4 dxe4 7. Qxd8+ Nxd8 8. Nc3 Bb4 9. Ne2 Nc6 10. g4 Nfd4 11. Kd1 Bxg4 12. a3 Bxc3 13. bxc3 Nf3 14.
Bf4 O-O-O+ 15. Kc1 Nfxe5 16. Nd4 Nxd4 17. Bxe5 Ne6 18.
Bc4 f6 19. Rh4 Bf5 20. Rh5 Bg4 21. Rh4 Bf5 22. Rh5 Ng5 23. Bf4 Bg6 24. Rh1 Nf3 25. Kb2 Ne5 26. Be6+ Kb8 27. Rag1 Rhe8 28. Bb3 c5 29. Rd1 Kc7 30. a4 Kc6 31. a5 Kb5 32. Bxe5 fxe5 33. Ra1 Rd2 34. Ba4+ Ka6 35. Bxe8 Bxe8 36.
Rxh7 Rxf2 37. Rxg7 e3 38. Re7 Bg6 39. Re6+ Kb5 40. Rxg6 e2 41. Re1 Kxa5 42. Re6 Kb5 43. Rxe5 a5 44. R1xe2 Rf4 45. R2e4 Rf3 46. Re6 Rf7 47.
c4+ Ka4 48. Rb6 Rf1 49. Rb3 Ra1 50. Kxa1 1-0

[Event "*** Biggest EVER Titled Tuesday"]
[Site "Chess.com"]
[Date "2018.04.17"]
[Round "10"]
[White "nurmiTV"]
[Black "bugsbunny444"]
[Result "1-0"]
[WhiteElo "2454"]
[BlackElo "2409"]
[TimeControl "180+2"]
[EndTime "15:22:43 PDT"]
[Termination "nurmiTV won on time"]

1. c4 b6 2. Nc3 Bb7 3. d4 e6 4.
e4 Bb4 5. Bd3 f5 6. f3 Qh4+ 7. g3 Qh5 8. exf5 Nc6 9. fxe6 dxe6 10. Be3 O-O-O 11. a3 Bd6 12. Ne4 Nf6 13. Kf2 Rhf8 14.
Kg2 Be7 15. Ne2 Nd5 16. Bf4 Rxf4 17. Nxf4 Nxf4+ 18. gxf4 Nxd4 19. Rf1 Nf5 20. Qe2 Nh4+ 21. Kh1 Bf6 22. Rad1 Bd4 23. b4 Kb8 24. Bb1 Nf5 25. Rd3 Bf6 26. Rxd8+ Bxd8 27. Qg2 Bf6 28. Nxf6 gxf6 29. Bxf5 Qxf5 30. Qe2 Qxf4 31. Kg2 e5 32. Qf2 Qxc4 33. Qg3 a6 34. Rf2 Ka7 35. Qg7 e4 36. Qxf6 exf3+ 37. Kg3 h5 38. Qg5 Qf7 39. Kh4 1-0

[Event "*** Biggest EVER Titled Tuesday"]
[Site "Chess.com"]
[Date "2018.04.17"]
[Round "10"]
[White "r31415"]
[Black "toad"]
[Result "0-1"]
[WhiteElo "2211"]
[BlackElo "2221"]
[TimeControl "180+2"]
[EndTime "15:22:46 PDT"]
[Termination "toad won by checkmate"]

1. e4 c5 2. Nf3 d6 3. d4 cxd4 4.
Nxd4 Nf6 5. Nc3 a6 6. h3 e5 7. Nde2 h5 8. Ng1 Be7 9. Nf3 b5 10. Ng5 Bb7 11. Qf3 Nc6 12. Be3 Nd4 13. Bxd4 exd4 14. Nd5 Bxd5 15. exd5 Qa5+ 16. Kd1 O-O 17. Bd3 g6 18. a3 Kg7 19. g4 h4 20. Re1 Qd8 21. Qf4 Nd7 22. Nf3 Ne5 23. Nxe5 dxe5 24. Qxe5+ Bf6 25. Qe4 Qd6 26. f4 Rfe8 27. Qf3 Rxe1+ 28.
Kxe1 Re8+ 29. Kf1 Re3 30. Qf2 Qxd5 31. Qg2 Qe6 32. g5 Be7 33. f5 gxf5 34. Qf2 Rxh3 35.
Kg2 Rg3+ 36. Kh2 Rxg5 37. Rg1 Bd6+ 38. Kh3 Rg3+ 39. Kxh4 Qh6# 0-1

[Event "*** Biggest EVER Titled Tuesday"]
[Site "Chess.com"]
[Date "2018.04.17"]
[Round "10"]
[White "Cecile-Haussernot"]
[Black "Fins0905"]
[Result "0-1"]
[WhiteElo "2343"]
[BlackElo "2536"]
[TimeControl "180+2"]
[EndTime "15:22:49 PDT"]
[Termination "Fins0905 won by resignation"]

1. e4 d5 2. exd5 Qxd5 3. Nc3 Qd8 4. d4 Nf6 5. Nf3 Bg4 6. h3 Bxf3 7. Qxf3 c6 8. Be3 e6 9. O-O-O Bb4 10. Ne4 Nxe4 11.
Qxe4 Qd5 12. Qxd5 cxd5 13. Kb1 Nc6 14. a3 Bd6 15. b4 O-O 16. Kb2 a5 17. b5 Ne7 18. a4 Nc8 19. Kb3 Nb6 20. c3 Rac8 21.
Bd3 Nc4 22. Bc1 Rc7 23. Bb1 Rfc8 24. Bd3 Nb6 25. Bb2 e5 26. Rhe1 e4 27. Bf1 f5 28. g4 g6 29. gxf5 gxf5 30. h4 Kf7 31. h5 Kf6 32. f3 Rg8 33. fxe4 fxe4 34. Bh3 Rg3 35. Rf1+ Ke7 36. Bf5 Nc4 37. Rg1 Ne3 38. Rxg3 Bxg3 39. Rg1 Nxf5 40. Bc1 Ke6 41. Bd2 Rg7 42. c4 e3 43. Bxa5 Nxd4+ 44. Kb2 Nf3 45. Rf1 Ne5 46. c5 e2 47. Rb1 e1=Q 48. Bxe1 Nd3+ 49.
Kc3 Nxe1 50. a5 Be5+ 51. Kd2 Nf3+ 52. Ke3 Nd4 53. a6 bxa6 54. bxa6 Rg3+ 55. Kf2 Ra3 56. Rb6+ Kf5 57. c6 Ne6 58. Ke2 Bc7 59. Rb5 Nd4+ 0-1

[Event "*** Biggest EVER Titled Tuesday"]
[Site "Chess.com"]
[Date "2018.04.17"]
[Round "10"]
[White "SilverCat1992"]
[Black "martinique24"]
[Result "1-0"]
[WhiteElo "2082"]
[BlackElo "2280"]
[TimeControl "180+2"]
[EndTime "15:22:50 PDT"]
[Termination "SilverCat1992 won on time"]

1. e4 c5 2. Nf3 d6 3. d4 cxd4 4. Nxd4 Nf6 5. Nc3 a6 6. Bg5 e6 7. f4 Be7 8. Qf3 Qc7 9. O-O-O Nbd7 10. g4 b5 11. Bxf6 gxf6 12. f5 Nc5 13. h4 Bb7 14. fxe6 fxe6 15. g5 f5 16. Qh5+ Kd7 17. exf5 Bxh1 18.
fxe6+ Kc8 19. Bxb5 axb5 20. Rxh1 Qb7 21. Rd1 b4 22. Ncb5 Rxa2 23. Qf7 Ra1+ 24. Kd2 Rxd1+ 25. Kxd1 Qh1+ 26. Kd2 Qh2+ 27. Kc1 Qg1+ 28. Kd2 Ne4+ 29. Kd3 Nf2+ 30. Kc4 Qf1+ 31. Kd5 Qg2+ 32. Nf3 Rf8 33. Qxe7 Qxf3+ 34. Kc4 Qe4+ 35. Kb3 Qd5+ 36. Ka4 Qa2+ 37. Kxb4 Qxb2+ 38. Ka5 Qa2+ 39. Kb6 1-0

[Event "*** Biggest EVER Titled Tuesday"]
[Site "Chess.com"]
[Date "2018.04.17"]
[Round "10"]
[White "chegueps"]
[Black "WarlordX"]
[Result "1-0"]
[WhiteElo "2288"]
[BlackElo "2291"]
[TimeControl "180+2"]
[EndTime "15:23:00 PDT"]
[Termination "chegueps won by resignation"]

1. e4 c5 2. Nf3 d6 3. Bb5+ Bd7 4.
Bxd7+ Nxd7 5. O-O g6 6. Re1 Bg7 7. c3 Ngf6 8. d4 O-O 9. h3 b5 10. a4 b4 11. e5 Ne8 12. Bg5 h6 13. Bh4 g5 14. Bg3 bxc3 15. bxc3 Rc8 16. Nbd2 cxd4 17. cxd4 dxe5 18. dxe5 Nc7 19. Ne4 Ne6 20. Qd2 Ndc5 21. Qe3 Qd3 22. Qxd3 Nxd3 23. Red1 Ndf4 24. Rd7 Rfe8 25. Rxa7 Rc4 26. Ned2 Rc2 27. a5 Ne2+ 28. Kf1 Nxg3+ 29. fxg3 Bxe5 30. Nxe5 Rxd2 31. a6 Kf8 32. Nd7+ Kg7 33. Nb6 Rb2 34. Nd5 Kf8 35. Rd7 Nc5 36. Rc7 Ne6 37. Rc4 Rb5 38. Nc3 Rf5+ 39.
Kg1 Ra8 40. a7 Ke8 41. Rb4 Nc7 42. Rb8+ Kd7 43. Na4 Ra5 44. Nb6+ Kc6 45. Rxa5 1-0

[Event "*** Biggest EVER Titled Tuesday"]
[Site "Chess.com"]
[Date "2018.04.17"]
[Round "10"]
[White "KenanGarayev"]
[Black "Sanan_Sjugirov"]
[Result "1-0"]
[WhiteElo "2598"]
[BlackElo "2809"]
[TimeControl "180+2"]
[EndTime "15:23:15 PDT"]
[Termination "KenanGarayev won on time"]

1. e4 c5 2. Ne2 Nf6 3. Nbc3 d6 4. g3 g6 5. Bg2 Bg7 6. O-O Nc6 7. d4 cxd4 8. Nxd4 Bd7 9. Re1 O-O 10. Nd5 Nxd5 11. Nxc6 bxc6 12. exd5 Rc8 13. c3 cxd5 14. Bxd5 e6 15.
Bg2 d5 16. Be3 Rb8 17. Qd2 Qa5 18. h4 h5 19. a4 Rb3 20. Ra2 Rfb8 21. Bf3 Rxc3 22.
Bf4 Rb7 23. bxc3 Bxc3 24. Qc1 Bxe1 25. Rc2 Qb4 26. Be5 f6 27. Rb2 fxe5 28. Rxb4 Bxb4 29. Qg5 Kf7 30. Qxe5 Be7 31. Kg2 Rb4 32. a5 a6 33.
Qh8 Bf6 34. Qh7+ Bg7 35. g4 hxg4 36. Be2 Bb5 37. Bxb5 Rxb5 38. h5 gxh5 39. Qxh5+ Kf6 40. Qxg4 Rxa5 41. Qh4+ Kg6 42. Qg3+ Kh7 43. Qh3+ Bh6 44.
Qxe6 d4 45. Qe4+ Kh8 46. Qxd4+ Kh7 47. Qd3+ Kg8 48. Qb3+ 1-0

[Event "*** Biggest EVER Titled Tuesday"]
[Site "Chess.com"]
[Date "2018.04.17"]
[Round "10"]
[White "chesssharkattack"]
[Black "saraswathii"]
[Result "1/2-1/2"]
[WhiteElo "2344"]
[BlackElo "2259"]
[TimeControl "180+2"]
[EndTime "15:23:16 PDT"]
[Termination "Game drawn by repetition"]

1. e4 c5 2. Nf3 e6 3. c4 Nc6 4.
Nc3 a6 5. Be2 Qc7 6. O-O Nf6 7.
d4 cxd4 8. Nxd4 Bc5 9. Be3 Bb4 10. Qc2 Bxc3 11. bxc3 Ne5 12. f4 Nxc4 13. Bxc4 Qxc4 14. f5 e5 15. Nf3 Qxe4 16. Qxe4 Nxe4 17. Nxe5 d6 18.
Nd3 O-O 19. Bd4 b5 20. Rae1 Bb7 21. Nf2 Nd2 22. f6 Nxf1 23. fxg7 Rfe8 24. Rxf1 Re6 25. Ng4 Rg6 26. Ne3 Re8 27. g3 Rxe3 28. Bxe3 Kxg7 29. Bd4+ Kf8 30. Rf6 Bd5 31. a3 Ke7 32. Rxg6 fxg6 33. Kf2 Ke6 34. Ke3 Kf5 35. Bb6 Bc4 36. Bc7 Kg4 37.
Kf2 d5 38. h4 Kf5 39. Ke3 h6 40. Bf4 g5 41. hxg5 hxg5 42. Bc7 Kg4 43. Bd8 Bb3 44. Kd4 Kxg3 45. Bxg5 Kf3 46. Kc5 Ke4 47. Bf6 Kd3 48. Kb6 Bc4 49. Ka5 Kc2 50. Kb4 Kb2 51. a4 bxa4 52. Kxa4 Kc2 53. Kb4 Kb2 54. Bd4 Kc2 55.
Bb6 Kd3 56. Bd4 Kc2 57. Bb6 Kb2 58. Bd4 Kc2 59. Bb6 Kb2 60. Bd4 Kc2 61. Bb6 Kb2 62. Bd4 Kc2 1/2-1/2

[Event "*** Biggest EVER Titled Tuesday"]
[Site "Chess.com"]
[Date "2018.04.17"]
[Round "10"]
[White "Th3ChessViking"]
[Black "AlexZambrano"]
[Result "1/2-1/2"]
[WhiteElo "2378"]
[BlackElo "2354"]
[TimeControl "180+2"]
[EndTime "15:23:18 PDT"]
[Termination "Game drawn by repetition"]

1. c4 e5 2. g3 Nf6 3. Bg2 d5 4. cxd5 Nxd5 5. Nf3 Nc6 6. O-O Nb6 7. b3 Be7 8. Bb2 f6 9. d4 exd4 10. Nxd4 Nxd4 11. Bxd4 O-O 12. Nc3 c6 13. e4 Be6 14.
Be3 Qc8 15. Re1 Bg4 16. Qc2 Bh3 17. Bh1 Rd8 18. Rad1 Qg4 19. f3 Qh5 20. Ne2 Be6 21.
Nf4 Qf7 22. Nxe6 Qxe6 23. Bg2 Rxd1 24. Rxd1 Rd8 25. Rxd8+ Bxd8 26. h4 Be7 27. Kh2 Kf8 28. Bh3 Qe5 29. Bf4 Qb5 30. Bb8 a5 31. Bf4 a4 32. Be6 axb3 33. axb3 Qf1 34. e5 Qxf3 35. Bh3 Nd5 36. exf6 Bxf6 37. Bd6+ Be7 38. Bxe7+ Kxe7 39. Qxh7 Qf2+ 40. Bg2 Qf6 41. Qg8 Ne3 42.
Qb8 Ng4+ 43. Kh3 Nf2+ 44. Kh2 Ng4+ 45. Kh3 Nf2+ 46. Kh2 Ng4+ 47. Kh3 Nf2+ 48. Kh2 Ng4+ 49. Kh3 Nf2+ 50. Kh2 Ng4+ 1/2-1/2

[Event "*** Biggest EVER Titled Tuesday"]
[Site "Chess.com"]
[Date "2018.04.17"]
[Round "10"]
[White "SCIM"]
[Black "GameOverBro"]
[Result "0-1"]
[WhiteElo "2367"]
[BlackElo "2449"]
[TimeControl "180+2"]
[EndTime "15:23:20 PDT"]
[Termination "GameOverBro won by resignation"]

1. d4 d6 2. e4 Nf6 3. f3 e5 4.
d5 Be7 5. Nc3 c6 6. Be3 O-O 7.
Qd2 b5 8. dxc6 b4 9. Nd5 Nxc6 10. Nxe7+ Qxe7 11. O-O-O Rd8 12. Bc4 Be6 13. Bd5 Bxd5 14. exd5 Nd4 15. Bxd4 exd4 16. Qxd4 a5 17. Nh3 Qb7 18.
Kb1 Rdc8 19. Rhe1 Rc5 20. Nf4 Rac8 21. Re2 a4 22. b3 a3 23. g4 h6 24. h4 Qc7 25.
Rc1 Qb7 26. Rd2 Qe7 27. g5 hxg5 28. hxg5 Nh7 29. g6 Nf8 30. gxf7+ Qxf7 31. Rh1 Qf5 32. Rg2 R8c7 33. Rhg1 Kh8 34. Qe4 Qf6 35. c4 bxc3 36. Kc2 Re7 37. Qd3 Qxf4 38. Rh1+ Kg8 39. Rgh2 Re3 40.
Rh8+ Kf7 41. Qa6 Qf5+ 42. Kc1 Re7 43. Qxd6 Rxd5 44. Qg3 Rd2 0-1

[Event "*** Biggest EVER Titled Tuesday"]
[Site "Chess.com"]
[Date "2018.04.17"]
[Round "10"]
[White "RojonR"]
[Black "DryCounty"]
[Result "0-1"]
[WhiteElo "2402"]
[BlackElo "2510"]
[TimeControl "180+2"]
[EndTime "15:23:24 PDT"]
[Termination "DryCounty won by resignation"]

1. e4 Nf6 2. e5 Nd5 3. Nc3 Nxc3 4. dxc3 d6 5. Nf3 Nc6 6. Bc4 e6 7. Qe2 Bd7 8. O-O dxe5 9. Nxe5 Bd6 10. Nxd7 Qxd7 11.
Be3 O-O 12. Rad1 Qe7 13. f4 Bc5 14. Kh1 Rad8 15. Bc1 Rxd1 16. Rxd1 Rd8 17. Bd3 g6 18. Rf1 Qf6 19. g4 Qh4 20. f5 exf5 21. gxf5 Bd6 22.
fxg6 hxg6 23. Qg2 Qh5 24. Bc4 Ne5 25. Bb3 Rf8 26. Bf4 Kg7 27. Qg3 Qe2 28. Re1 Qf3+ 29.
Qxf3 Nxf3 30. Bxd6 Nxe1 31. Bxf8+ Kxf8 32. Kg1 Nf3+ 33. Kg2 Ne5 34. Bd5 b6 35. Kg3 Ke7 36. Kf4 f6 37. b3 Kd6 38. Bg2 Nd7 39. h4 Nf8 40.
Be4 g5+ 41. hxg5 Ne6+ 42. Kf5 Nxg5 43. Bd3 Ke7 44. a4 Nf3 45. c4 Nd4+ 46. Ke4 Ne6 47. Kf5 c5 48. Be4 Nd4+ 49. Kf4 Kd6 50. Bd3 Ke6 51. Be4 f5 52. Bd3 Kf6 53. Ke3 Ke5 54. Kf2 Kf4 55. Kg2 Nf3 56. Kf2 Ne5 57. Bf1 Ng4+ 58.
Ke2 Ne3 59. c3 Nxf1 60. Kf2 0-1

[Event "*** Biggest EVER Titled Tuesday"]
[Site "Chess.com"]
[Date "2018.04.17"]
[Round "10"]
[White "grzechu96"]
[Black "wonderfultime"]
[Result "0-1"]
[WhiteElo "2469"]
[BlackElo "2793"]
[TimeControl "180+2"]
[EndTime "15:23:25 PDT"]
[Termination "wonderfultime won by resignation"]

1. e4 c5 2. Nf3 d6 3. Bb5+ Nd7 4.
O-O Nf6 5. Re1 a6 6. Bd3 e6 7. c3 Be7 8. Bc2 O-O 9. d4 b5 10. Nbd2 Bb7 11. Nf1 Rc8 12. Ng3 Qc7 13. Bd3 Rfe8 14.
Qe2 Bf8 15. Bd2 e5 16. d5 c4 17. Bc2 Nc5 18. Bg5 Nfd7 19. Nf5 Nb6 20. h4 f6 21. Be3 Qf7 22. Nh2 a5 23. Kh1 b4 24.
Rad1 Kh8 25. Rg1 Nbd7 26. g4 Ba6 27. g5 Nd3 28. Bb1 Rc7 29. Rd2 g6 30. Ng3 fxg5 31. hxg5 N7c5 32. Ng4 Nf4 33. Qf3 Be7 34. Nh6 Qf8 35.
Qg4 Ncd3 36. Qh4 Bc8 37. Kh2 Rb7 38. Rh1 Bd8 39. Rg1 a4 40. Ne2 a3 41. Nxf4 exf4 42.
Bd4+ Ne5 43. cxb4 Rxb4 44. bxa3 Ra4 45. Bb2 Ba5 46. Re2 c3 47. Kh1 cxb2 48. Qh3 Bxh3 0-1

[Event "*** Biggest EVER Titled Tuesday"]
[Site "Chess.com"]
[Date "2018.04.17"]
[Round "10"]
[White "Godzillator"]
[Black "Bryakin_Mikhail"]
[Result "1/2-1/2"]
[WhiteElo "2308"]
[BlackElo "2609"]
[TimeControl "180+2"]
[EndTime "15:23:27 PDT"]
[Termination "Game drawn by repetition"]

1. d4 Nf6 2. c4 e6 3. Nc3 c5 4. d5 exd5 5. cxd5 d6 6. e4 g6 7. f4 Bg7 8. Bb5+ Bd7 9. e5 Bxb5 10. exf6 Bxf6 11. Nxb5 Qa5+ 12. Nc3 O-O 13. Ne2 Nd7 14.
O-O Bg7 15. Kh1 b5 16. Ne4 Qc7 17. f5 Rfe8 18. N2g3 Ne5 19. fxg6 fxg6 20. Nf6+ Bxf6 21. Rxf6 Rf8 22. Rxf8+ Rxf8 23. Bd2 Qf7 24. Bc3 Nc4 25. Ne4 Ne3 26. Qg1 Nxd5 27. Rd1 Qe6 28. Rxd5 Qxd5 29.
Nf6+ Rxf6 30. Bxf6 Qxa2 31. Qe1 Qf7 32. Qe7 Qxe7 33.
Bxe7 Kf7 34. Bxd6 c4 35. Kg1 Ke6 36. Bb4 Kd5 37. Kf2 Kd4 38. Ke2 Ke4 39. Kd2 g5 40.
Bc5 a6 41. Kc3 g4 42. Kb4 Kd3 43. Ka5 Kc2 44. Bd4 Kb3 45. Kxa6 b4 46. Kb5 c3 47. bxc3 bxc3 48. Kc5 c2 49. Be3 Kc3 50. Kd5 Kd3 51.
Bc1 Ke2 52. Ke4 Kf2 53. g3 Kg2 54. Kf4 h5 55. Kg5 Kxh2 56. Kh4 Kg2 57. Bd2 Kf3 58. Bc1 Kg2 59. Bb2 Kf3 60. Ba3 Kg2 61. Bc1 Kf3 62.
Bb2 Kg2 63. Bc1 Kf2 64. Bb2 Kf3 65. Bc1 Kg2 66. Bb2 Kf3 1/2-1/2

[Event "*** Biggest EVER Titled Tuesday"]
[Site "Chess.com"]
[Date "2018.04.17"]
[Round "10"]
[White "WinnerOleg"]
[Black "gmtalentoso"]
[Result "1-0"]
[WhiteElo "2302"]
[BlackElo "2127"]
[TimeControl "180+2"]
[EndTime "15:23:28 PDT"]
[Termination "WinnerOleg won by resignation"]

1. d4 Nf6 2. Nf3 b6 3. g3 Bb7 4.
Bg2 g6 5. O-O Bg7 6. c4 O-O 7.
Nc3 d6 8. Qc2 Nbd7 9. e4 c5 10.
d5 a6 11. a4 e5 12. dxe6 fxe6 13. Bg5 Qc7 14. Rad1 Rae8 15. Rfe1 Ng4 16. b3 h6 17.
Bc1 Nde5 18. Nxe5 Nxe5 19. f4 Nc6 20. Ne2 Nd4 21. Nxd4 Bxd4+ 22. Be3 Qg7 23. Bxd4 cxd4 24.
Qd3 e5 25. Rf1 Bc8 26. f5 gxf5 27. exf5 Rf6 28. Be4 Kh8 29. Rf3 Ref8 30. Rdf1 Qg5 31. Kg2 h5 32. h4 Qg4 33. R3f2 Rg8 34. Kh2 Rg7 35. Bf3 Qxf5 36. Qxf5 Rxf5 37. Bxh5 Rxh5 38. Rf8+ Rg8 39. R8f6 d3 40. Rxd6 e4 41. Re1 Re5 42.
Rxd3 Bg4 43. Rde3 Rge8 44. Kg2 Kg7 45. Kf2 Rf8+ 46. Kg2 Bf3+ 47. Kh3 Kg6 48. g4 Rd8 49. Rxf3 exf3 50. Rxe5 Rd3 51. Kg3 Rxb3 52. h5+ 1-0

[Event "*** Biggest EVER Titled Tuesday"]
[Site "Chess.com"]
[Date "2018.04.17"]
[Round "10"]
[White "Margency"]
[Black "Fandorine"]
[Result "0-1"]
[WhiteElo "2580"]
[BlackElo "2711"]
[TimeControl "180+2"]
[EndTime "15:23:29 PDT"]
[Termination "Fandorine won by resignation"]

1. e4 e5 2. Nf3 Nc6 3. Bc4 Bc5 4. d3 Nf6 5. O-O d6 6. c3 a6 7. Bb3 Ba7 8. Nbd2 O-O 9. h3 h6 10. Re1 Be6 11. Bc2 Re8 12. Nf1 d5 13. exd5 Nxd5 14. Ng3 Qf6 15. Ne4 Qg6 16. Nh4 Qh7 17. Qh5 f5 18. Ng3 g5 19. Bxg5 hxg5 20. Qxg5+ Qg7 21. Qxg7+ Kxg7 22. Nhxf5+ Kf6 23. Nh4 Rg8 24. Ne4+ Ke7 25. Kh2 Raf8 26. f3 Nf4 27. Rad1 Rh8 28. g3 Rfg8 29. Bb3 Rxh4 30. Bxe6 Rh6 31. gxf4 Kxe6 32.
d4 exd4 33. Ng5+ Kf5 34. Kg3 Bc5 35. Re4 Bd6 36. h4 dxc3 37. Rd5+ Kg6 38. Re6+ Kg7 39. bxc3 Rxe6 40. Nxe6+ Kf6+ 41. Ng5 Ne7 42. Rd4 Nf5+ 43. Kg4 Nxd4 44. cxd4 b6 45. f5 c5 46. dxc5 bxc5 47. f4 c4 48. Kf3 Kxf5 49. Ne4 Bxf4 50. Nf2 Rg3+ 0-1

[Event "*** Biggest EVER Titled Tuesday"]
[Site "Chess.com"]
[Date "2018.04.17"]
[Round "10"]
[White "OparinGrigoriy"]
[Black "Korchmar_Vasiliy"]
[Result "0-1"]
[WhiteElo "2853"]
[BlackElo "2709"]
[TimeControl "180+2"]
[EndTime "15:23:32 PDT"]
[Termination "Korchmar_Vasiliy won on time"]

1. e4 c5 2. Nf3 d6 3. d4 cxd4 4. Nxd4 Nf6 5. Nc3 Nc6 6. Bg5 e6 7. Qd2 a6 8. O-O-O h6 9. Be3 Be7 10. f3 Nxd4 11. Bxd4 b5 12. Kb1 Rb8 13. g4 b4 14. Ne2 e5 15. Ba7 Rb7 16. Be3 Be6 17. Nc1 d5 18. Bxa6 Rb8 19. exd5 Nxd5 20. Nb3 O-O 21.
Bc4 Qc7 22. Bxd5 Rfd8 23. Bxe6 Rxd2 24. Bxf7+ Kxf7 25. Rxd2 Qc6 26. Rf1 Kg8 27. Rdd1 Rf8 28.
Nd2 Qb5 29. Ne4 Qe2 30. Rde1 Qxh2 31. g5 hxg5 32. Nxg5 Bxg5 33. Bxg5 e4 34. Rh1 Qg2 35. Rhg1 Qxf3 36. Bc1 Rf7 37. Re3 Qf5 38. Reg3 Rc7 39. Be3 Qd5 40. Bh6 Qc6 41. Rxg7+ Rxg7 42. Bxg7 Kf7 43.
Bd4 Qc4 44. Be3 Qe2 45. Bc1 Qf2 46. Rg4 e3 47. Rf4+ Qxf4 0-1

[Event "*** Biggest EVER Titled Tuesday"]
[Site "Chess.com"]
[Date "2018.04.17"]
[Round "10"]
[White "ChainsOfFantasia"]
[Black "ENEASZ"]
[Result "1-0"]
[WhiteElo "2420"]
[BlackElo "2442"]
[TimeControl "180+2"]
[EndTime "15:23:37 PDT"]
[Termination "ChainsOfFantasia won by checkmate"]

1. e4 d6 2. d4 Nf6 3. f3 e5 4. d5 Be7 5. Be3 O-O 6. c4 c6 7. Nc3 cxd5 8. cxd5 a6 9. a4 Nbd7 10. Nh3 Nc5 11. Nf2 Nfd7 12. b4 Nxe4 13. Nfxe4 f5 14.
Nf2 e4 15. fxe4 Bf6 16. Rc1 a5 17. b5 Nc5 18. Bxc5 dxc5 19. Bc4 fxe4 20. O-O e3 21. Nfe4 Bd4 22. Qe2 Bf5 23. g4 Bg6 24. Rxf8+ Qxf8 25. Ng5 Qf6 26. Nce4 Qe5 27. d6+ Kh8 28. Rf1 h6 29.
Nf7+ Bxf7 30. Rxf7 Qxe4 31. d7 Rd8 32. g5 Qg6 33. h4 hxg5 34. hxg5 Qxg5+ 35. Kf1 Qh4 36. Qf3 Bf6 37. Be6 Qh6 38. Ke2 b6 39. Qxe3 Qxe3+ 40. Kxe3 Kh7 41. Ke4 Kg6 42. Kd5 Kg5 43. Kc6 Kf4 44.
Kxb6 Ke5 45. Rxf6 gxf6 46. Kc7 Rh8 47. Bc4 Kd4 48. d8=Q+ Rxd8 49. Kxd8 Kxc4 50. b6 Kb4 51. b7 Kxa4 52. b8=Q c4 53. Qb2 f5 54. Kc7 f4 55. Kc6 f3 56. Kc5 f2 57. Qa2# 1-0

[Event "*** Biggest EVER Titled Tuesday"]
[Site "Chess.com"]
[Date "2018.04.17"]
[Round "10"]
[White "djano"]
[Black "albi1999"]
[Result "1/2-1/2"]
[WhiteElo "2436"]
[BlackElo "2374"]
[TimeControl "180+2"]
[EndTime "15:23:41 PDT"]
[Termination "Game drawn by agreement"]

1. Nc3 d5 2. d4 Nf6 3. Bf4 c5 4. e4 cxd4 5. Qxd4 Nc6 6. Bb5 dxe4 7. Qxd8+ Kxd8 8. O-O-O+ Bd7 9. Nge2 a6 10. Bxc6 bxc6 11.
Ng3 Kc8 12. Ncxe4 Nd5 13. Bd2 f6 14. c4 Nb6 15. b3 e5 16. Ba5 Rb8 17. Kc2 h5 18. h4 Be8 19. Nd6+ Bxd6 20. Rxd6 Kb7 21. Rhd1 Rc8 22. Kb2 Bg6 23. Ne2 Bf5 24. Nc3 Rhe8 25.
f3 Re7 26. a4 Rd7 27. Na2 Rcd8 28. c5 Rxd6 29. cxd6 Rd7 30. Bb4 Nd5 31. Bc5 e4 32.
fxe4 Bxe4 33. g3 g5 34. Re1 Bf3 35. Nc3 Nxc3 36. Kxc3 gxh4 37. gxh4 Bd5 38. Re8 f5 39. b4 f4 40. Re7 Kc8 41. Kd4 Rxe7 42. dxe7 Kd7 43.
Ke5 f3 44. Kf6 Bb3 45. a5 Ke8 46. Kg6 Bf7+ 47. Kf6 Bd5 48. Bf2 Bc4 49. Bg3 Bd5 50.
Bf2 Bc4 51. Bc5 Bd5 52. Kg6 Bf7+ 53. Kg5 f2 1/2-1/2

[Event "*** Biggest EVER Titled Tuesday"]
[Site "Chess.com"]
[Date "2018.04.17"]
[Round "10"]
[White "Tash_Boy"]
[Black "Mikhail_Golubev"]
[Result "1-0"]
[WhiteElo "2533"]
[BlackElo "2368"]
[TimeControl "180+2"]
[EndTime "15:23:43 PDT"]
[Termination "Tash_Boy won on time"]

1. e4 c5 2. Nf3 d6 3. d4 cxd4 4. Nxd4 Nf6 5. f3 Nc6 6. c4 Qb6 7.
Nb3 a5 8. Na3 a4 9. Nd2 e6 10.
Ndb1 d5 11. cxd5 exd5 12. exd5 Bb4+ 13. Nc3 Ne5 14. Bf4 O-O 15. Bxe5 Re8 16. Nc4 Rxe5+ 17. Nxe5 Qe3+ 18. Be2 Qxe5 19. O-O a3 20. Ne4 axb2 21. Rb1 Nxe4 22. fxe4 Bd6 23. g3 Bh3 24. Rf4 Rxa2 25. Bg4 Bc5+ 26. Kh1 Bxg4 27. Qxg4 Ra1 28. Rff1 f5 29.
Qxf5 Qxf5 30. exf5 Bd4 31. Kg2 Kf7 32. Kf3 Ke7 33. Ke4 Bf6 34. h4 Kd6 35. g4 Ra4+ 36.
Kf3 Ra3+ 37. Kg2 Bxh4 38. Rxb2 Rg3+ 39. Kh2 Rxg4 40. Rd1 Rf4 41. Rxb7 Rxf5 42. Rxg7 Rxd5 43. Rb1 h6 44. Rg6+ Kc5 45. Rc1+ Kb5 46. Rxh6 Bg5 47. Rb1+ Kc5 48. Rhb6 Bf4+ 49. Kg2 1-0